 Dungeon Crawl Stone Soup version 0.30-b1-2-g02819fbbbe (webtiles) character file.

Game seed: 12686669944441284759

96 nightchill the Firebug (level 4, -9/36 HPs)
             Began as a Hill Orc Fire Elementalist on Sept 29, 2023.
             Blown up by Ijyb (15 damage)
             ... with a mindburst bolt
             ... on level 3 of the Dungeon.
             The game lasted 00:03:45 (2013 turns).

nightchill the Firebug (Hill Orc Fire Elementalist) Turns: 2013, Time: 00:03:45

Health: -9/36      AC:  3    Str: 12    XL:     4   Next: 67%
Magic:  1/6        EV: 12    Int: 15    God:
Gold:   54         SH:  0    Dex: 11    Spells: 5/6 levels left

rFire   . . .        a - +0 hand axe
rCold   . . .        (no shield)
rNeg    . . .        k - +0 robe
rPois   .            (no helmet)
rElec   .            (no cloak)
rCorr   .            n - +0 pair of gloves
SInv    .            (no boots)
Will    .....        (no amulet)
Stlth   ++           (no ring)
HPRegen 0.26/turn    (no ring)
MPRegen 0.10/turn

%: no passive effects
@: hasted, very quick
A: no striking features
a: no special abilities


You were on level 3 of the Dungeon.
You visited 1 branch of the dungeon, and saw 4 of its levels.

You collected 54 gold pieces.

Inventory:

Hand Weapons
 a - a +0 hand axe (weapon)
Armour
 k - a +0 robe (worn)
 n - a +0 pair of gloves (worn)
Wands
 h - a wand of iceblast (9)
 s - a wand of paralysis (10)
Scrolls
 c - a scroll of teleportation {unknown}
 e - 3 scrolls of identify {unknown}
 l - a scroll of vulnerability {unknown}
 m - a scroll of amnesia {unknown}
 q - a scroll of enchant armour {unknown}
Potions
 b - a potion of magic
 d - 2 potions of curing
 f - a potion of berserk rage {unknown}
 g - a potion of brilliance {unknown}
 i - 2 potions of lignification {unknown}
 j - 2 potions of heal wounds {unknown}
 o - a potion of degeneration {unknown}
 p - a potion of haste
 r - a potion of flight {unknown}


   Skills:
 + Level 2.2 Fighting
 * Level 3.3 Axes
 - Level 1.5 Dodging
 - Level 1.5 Stealth
 - Level 1.9 Spellcasting
 - Level 1.5 Conjurations
 - Level 3.6 Fire Magic


You had 5 spell levels left.
You knew the following spells:

 Your Spells              Type           Power      Damage    Failure   Level
a - Foxfire               Conj/Fire      36%        2x1d5     8%          1

Your spell library contained the following spells:

 Spells                   Type           Power      Damage    Failure   Level
 Scorch                   Fire           24%        2d6       8%          2
 Slow                     Hex            4%         N/A       22%         1
 Inner Flame              Hex/Fire       7%         N/A       30%         3
 Volatile Blastmotes      Fire/Tloc      14%        2d11      30%         3
 Confusing Touch          Hex            1%         N/A       56%         3
 Vampiric Draining        Necr           1%         2d6       56%         3
 Flame Wave               Conj/Fire      9%         2d6       58%         4


Dungeon Overview and Level Annotations

Branches:
Dungeon (4/15)
 Temple: D:4-7

Altars:
Nemelex Xobeh
Vehumet

Annotations:
D:3 Ijyb


Message History

You conjure some foxfire!
Ijyb zaps a wand.
Your mind is blasted!
The foxfire hits Ijyb but does no damage.
The foxfire hits Ijyb.
Ijyb is lightly wounded.
Ijyb screams, "Me stronger than you!"
Casting: Foxfire (safe; 8% risk of failure)
Confirm with . or Enter, or press ? or * to list all spells.
You conjure some foxfire!
The foxfire hits Ijyb but does no damage.
Ijyb is lightly wounded.
The foxfire hits Ijyb but does no damage.
Ijyb is lightly wounded.
Ijyb screams, "I no like you!"
Ijyb zaps a wand.
Your mind is blasted!
Ouch! That really hurt!
* * * LOW HITPOINT WARNING * * *
Casting: Foxfire (safe; 8% risk of failure)
Confirm with . or Enter, or press ? or * to list all spells.
You conjure some foxfire!
Ijyb hits you with a +0 club.
* * * LOW HITPOINT WARNING * * *
The foxfire hits Ijyb.
Ijyb is lightly wounded.
The foxfire hits Ijyb but does no damage.
Ijyb is lightly wounded.
Ijyb barely misses you.
Your magical contamination has completely faded away.
Casting: Foxfire (safe; 8% risk of failure)
Confirm with . or Enter, or press ? or * to list all spells.
You conjure some foxfire!
Ijyb hits you with a +0 club.
* * * LOW HITPOINT WARNING * * *
The foxfire hits Ijyb.
Ijyb is moderately wounded.
The foxfire hits Ijyb but does no damage.
Ijyb is moderately wounded.
Ijyb barely misses you.
It was a potion of curing.
You feel better. Ijyb hits you with a +0 club.
* * * LOW HITPOINT WARNING * * *
It was a potion of haste.
You feel yourself speed up. Ijyb barely misses you.
Ijyb zaps a wand.
Your mind is blasted!
You die...

...#.# .. ..#.#. ...#.#######.#
##.#.#. #. ..†........... .....
.. .............. #.#.####.#
..............# ........
..............# #.....
###.......##.######.(#.####..##.
#..................#.......#...
###.......#.....@.#..............
..#.......#8....)8#..#####...#.#.
#.>.......#..).g).#..# #...#.#.
##........#8..)..8#..#####...#.#.
##........#.......#..........#.#.
####..#####8.....8#.........##.#.
...#......#.......#.######.......
...#....#.#8.....8#.........##.†.
...##.#...#....[..#...###...##...


You could see Ijyb.

Vanquished Creatures
  4 adders
  An ufetubus (D:3)
  4 dart slugs (D:3)
  8 endoplasms
  2 giant cockroaches
  7 goblins
  4 hobgoblins
  A jackal (D:2)
  4 kobolds
  A quokka (D:2)
  3 ball pythons
  2 bats
  2 frilled lizards
  3 rats
46 creatures vanquished.

Vanquished Creatures (others)
  150 foxfires
150 creatures vanquished.

Grand Total: 196 creatures vanquished

Notes
Turn   | Place    | Note
-------+----------+-------------------------------------------
     0 | D:1      | nightchill the Hill Orc Fire Elementalist began the quest
                  | for the Orb.
     0 | D:1      | Reached XP level 1. HP: 14/14 MP: 3/3
   304 | D:1      | Reached XP level 2. HP: 22/22 MP: 0/4
   410 | D:1      | Found a faded altar of an unknown god.
   920 | D:2      | You fall into a shaft and drop 2 floors!
   947 | D:4      | Found a sparkling altar of Nemelex Xobeh.
  1014 | D:4      | Reached skill level 1 in Fighting
  1058 | D:4      | Reached XP level 3. HP: 28/28 MP: 2/5
  1134 | D:4      | Reached skill level 1 in Axes
  1577 | D:3      | Reached XP level 4. HP: 36/36 MP: 2/6
  1775 | D:3      | Found a radiant altar of Vehumet.
  1999 | D:3      | Noticed Ijyb
  2009 | D:3      | HP: 1/36 [Ijyb/+0 club (6)]
  2013 | D:3      | Blown up by Ijyb

Illustrated notes

Levels and vault maps discovered:
D:1:      nzn_arrival_depleted_hourglass, layout_basic,
          shapermc_ecumenical_altar_venn
D:2:      layout_rooms, minmay_3d_cube
D:3:      kennysheep_the_goblin_king, layout_basic, mainiacjoe_overflow_catwalk,
          palyth_stone_intersect
D:4:      layout_gridville, general_overflow_altar, nemelex_spade_bored_becter

Skill      XL: |  1  2  3  4 |
---------------+-------------+-----
Fighting       | 1 2 |  2.2
Axes           | 2 3 |  3.3
Dodging        | |  1.5
Stealth        | |  1.5
Spellcasting   | |  1.9
Conjurations   | |  1.5
Fire Magic     | |  3.6

Action                     |  1- 3 |  4- 6 || total
---------------------------+-------+-------++-------
  Melee: Hand axe          |    15 |       ||    15
         Punch             |     1 |       ||     1
   Cast: Foxfire           |    55 |    28 ||    83
    Use: Potion            |       |     2 ||     2
 Armour: Robe              |    12 |     2 ||    14
  Dodge: Dodged            |    32 |    17 ||    49
